 Seeded DCSS version 0.27.1 (webtiles) character file.

Game seed: 16843347396602353568 (custom seed)

107 oldmanjim the Chopper (level 4, -1/40 HPs)
             Began as a Hill Orc Fighter on Aug 28, 2021.
             Was an Initiate of Beogh.
             Slain by a river rat (4 damage)
             ... on level 3 of the Dungeon.
             The game lasted 00:12:28 (2657 turns).

oldmanjim the Chopper (Hill Orc Fighter)            Turns: 2657, Time: 00:12:29

Health: -1/40      AC:  8    Str: 17    XL:     4   Next: 86%
Magic:  4/4        EV: 22    Int:  8    God:    Beogh [......]
Gold:   842        SH:  9    Dex:  7    Spells: 3/3 levels left

rFire    . . .     SeeInvis +   a - +0 war axe
rCold    . . .     Faith    .   c - +0 kite shield
rNeg     + + .     Spirit   .   b - +0 scale mail
rPois    +         Reflect  .   (no helmet)
rElec    .         Harm     .   (no cloak)
rCorr    .         Rampage  .   (no gloves)
Will     .....                  m - +0 pair of boots
Stlth    ..........             e - amulet of the acrobat
HPRegen  0.13/turn              h - ring of Eladwak {rPois rN++ Str-2 Dex-3 SInv}
MPRegen  0.09/turn              (no ring)

@: acrobatic, studying Shields
A: no striking features
a: Renounce Religion


You were on level 3 of the Dungeon.
You worshipped Beogh.
Beogh was noncommittal.
You visited 1 branch of the dungeon, and saw 3 of its levels.

You collected 842 gold pieces.

Inventory:

Hand Weapons
 a - a +0 war axe (weapon)
Missiles
 f - 31 arrows
 i - 32 stones (quivered)
 l - 24 bolts
Armour
 b - a +0 scale mail (worn)
 c - a +0 kite shield (worn)
 m - a +0 pair of boots (worn)
Jewellery
 e - an amulet of the acrobat (around neck)
 h - the ring of Eladwak (left hand) {rPois rN++ Str-2 Dex-3 SInv}
   (You acquired it on level 1 of the Dungeon)

   [ring of poison resistance]

   Str:       It affects your strength (-2).
   Dex:       It affects your dexterity (-3).
   rPois:     It protects you from poison.
   rN:        It greatly protects you from negative energy.
   SInv:      It lets you see invisible.
Scrolls
 j - a scroll of magic mapping {unknown}
 n - a scroll of enchant armour {unknown}
Potions
 d - 2 potions of might
 g - 2 potions of curing {unknown}
 k - 2 potions of attraction {unknown}


   Skills:
 - Level 4.0 Fighting
 + Level 5.2 Axes
 - Level 3.2 Armour
 + Level 5.2 Shields


You had 3 spell levels left.
You didn't know any spells.
Your spell library contained the following spells:

 Spells                   Type           Power      Damage    Failure   Level
 Shock                    Conj/Air       0%         1d3       99%         1
 Summon Small Mammal      Summ           0%         N/A       99%         1
 Call Canine Familiar     Summ           0%         N/A       100%        3
 Summon Guardian Golem    Hex/Summ       0%         N/A       100%        3
 Swiftness                Air            0%         N/A       100%        3
 Tukima's Dance           Hex            0%         N/A       100%        3
 Airstrike                Air            0%         N/A       100%        4
 Passage of Golubria      Tloc           N/A        N/A       100%        4
 Yara's Violent Unravell  Hex/Tmut       0%         3d3       100%        5


Dungeon Overview and Level Annotations

Branches:
Dungeon (3/15)

Altars:

Portals:
Sewer: D:3


Message History

Your shield prevents you from hitting the river rat.
The river rat bites you but does no damage.
The ball python bites you. The ball python constricts you.
The river rat bites you. x2; You block the ball python's attack.
The ball python constricts you.
You closely miss the ball python. You closely miss the river rat.
You hit the river rat. The river rat bites you!
You block the ball python's attack. The ball python constricts you.
The river rat bites you.
Your shield and scale mail prevent you from hitting the ball python.
You barely miss the river rat. You hit the river rat but do no damage.
You block the ball python's attack. The ball python constricts you.
The river rat bites you but does no damage.
The river rat bites you.
* * * LOW HITPOINT WARNING * * *
The ball python bites you but does no damage.
The ball python constricts you.
The river rat bites you but does no damage. x2
You escape the ball python's grasp.
You enter the shallow water.
Moving in this stuff is going to be slow.
The ball python bites you but does no damage.
The ball python grabs you. The ball python constricts you.
You escape the ball python's grasp.
You closely miss the ball python.
You hit the river rat but do no damage. x2
The river rat bites you but does no damage.
You block the ball python's attack. The ball python closely misses you.
The river rat closely misses you. The river rat bites you.
* * * LOW HITPOINT WARNING * * *
The ball python barely misses you. The ball python grabs you.
The ball python constricts you.
You closely miss the ball python. You hit the river rat.
You closely miss the river rat.
The river rat bites you but does no damage.
You block the ball python's attack. The ball python constricts you.
* * * LOW HITPOINT WARNING * * *
The river rat bites you but does no damage.
The river rat bites you.
* * * LOW HITPOINT WARNING * * *
You escape the ball python's grasp.
Found a hand axe.
The river rat bites you.
You die...

#.#.# #.# (###
#.#.####.###...#
#.#.##.........#
#.#..#.........#
#.##.....≈≈≈...#
#.##....≈≈≈≈≈..##
#.#..≈≈∩≈≈...#
#.#..≈≈≈≈≈S..# #
#...≈≈≈.r@.##
#.......r...#
#...............
###########..#.#
#.# # ... ..# ).#


You could see 2 river rats and a ball python.

Vanquished Creatures
  3 gnolls (D:2)
  3 adders
  A worm (D:3)
  2 dart slugs
  6 ball pythons
  5 bats
  4 endoplasms
  4 giant cockroaches
  5 goblins
  3 hobgoblins
  3 frilled lizards
  4 kobolds
  3 rats
46 creatures vanquished.

Notes
Turn   | Place    | Note
-------+----------+-------------------------------------------
     0 | D:1      | oldmanjim the Hill Orc Fighter began the quest for the Orb.
     0 | D:1      | Reached XP level 1. HP: 19/19 MP: 1/1
   186 | D:1      | Reached XP level 2. HP: 27/27 MP: 2/2
   339 | D:1      | Found a faded altar of an unknown god.
   495 | D:1      | Identified 3 scrolls of acquirement
   495 | D:1      | Acquired a manual of Shields
   496 | D:1      | Acquired 772 gold pieces
   497 | D:1      | Acquired the ring of Eladwak {rPois rN++ Str-2 Dex-3 SInv}
   609 | D:2      | Reached XP level 3. HP: 33/33 MP: 3/3
  1279 | D:2      | Reached XP level 4. HP: 31/40 MP: 4/4
  1705 | D:2      | Reached skill level 5 in Axes
  2565 | D:3      | Reached skill level 5 in Shields
  2605 | D:3      | Became a worshipper of Beogh the Brigand
  2634 | D:3      | Found a glowing drain.
  2657 | D:3      | Slain by a river rat

Illustrated notes

Levels and vault maps discovered:
D:1:      wander_arrival_desolate, layout_rooms,
          hellmonk_ecumenical_altar_leap_of_faith,
          chequers_serial_rivers_micro_d
D:2:      layout_loops_corners
D:3:      layout_basic, portal_sewer_entry_a

Skill      XL: |  1  2  3  4 |
---------------+-------------+-----
Fighting       | 4 |  4.0
Axes           | 3 4 5 |  5.2
Shields        | 4 5 |  5.2
Armour         | |  3.2

Action                   |  1- 3 |  4- 6 || total
-------------------------+-------+-------++-------
Melee: War axe           |    87 |    83 ||   170
Invok: Convert to Beogh  |       |     1 ||     1
  Use: Scroll            |     3 |       ||     3
Armor: Scale mail        |    40 |    47 ||    87
Dodge: Dodged            |    36 |    38 ||    74
Block: Kite shield       |    53 |    49 ||   102
